 Dungeon Crawl Stone Soup version 0.29.0-4-gdea44cf6ec (webtiles) character file.

Game seed: 17181311996576996896

51 qw the Chopper (level 3, -4/29 HPs)
             Began as a Demonspawn Cinder Acolyte on Sept 9, 2022.
             Was a High Priest of Ignis.
             Killed by nerve-wracking pain
             ... invoked by an orc priest
              (6 damage)
             ... on level 3 of the Dungeon.
             The game lasted 00:00:39 (2428 turns).

qw the Chopper (Demonspawn Cinder Acolyte)          Turns: 2428, Time: 00:00:39

Health: -4/29      AC: 18    Str: 22    XL:     3   Next: 58%
Magic:  4/4        EV:  6    Int: 15    God:    Ignis [*****.]
Gold:   128        SH:  0    Dex:  8    Spells: 4/4 levels left

rFire   + . .      SeeInvis .   Y - -1 hand axe (flame)
rCold   . . .      Faith    .   (no shield)
rNeg    . . .      Spirit   .   c - +0 plate armour
rPois   .          Reflect  .   k - +0 helmet
rElec   .          Harm     .   (no cloak)
rCorr   .          Rampage  .   (no gloves)
Will    .....                   (no boots)
Stlth   ..........              b - amulet of the acrobat
HPRegen 0.09/turn               d - +6 ring of strength
MPRegen 0.18/turn               (no ring)

@: fiery-armoured
A: magic regeneration
a: Renounce Religion, Fiery Armour, Foxfire Swarm, Rising Flame


You were on level 3 of the Dungeon.
You worshipped Ignis.
Ignis was extremely pleased with you.
You visited 1 branch of the dungeon, and saw 3 of its levels.

You collected 128 gold pieces.


Innate Abilities, Weirdness & Mutations

You regenerate magic rapidly.


   Skills:
 - Level 3.0 Fighting
 + Level 3.7 Axes
 - Level 1.0 Throwing
 - Level 1.0 Armour
 - Level 1.0 Spellcasting
 - Level 2.6 Fire Magic


You had 4 spell levels left.
You didn't know any spells.
Your spell library contained the following spells:

 Spells                   Type           Power      Damage    Failure   Level
 Scorch                   Fire           16%        2d5       97%         2

Inventory:

Hand Weapons
 Y - a -1 hand axe of flaming (weapon)
Missiles
 i - 3 javelins (quivered)
Armour
 c - a +0 plate armour (worn)
 k - a +0 helmet (worn)
Jewellery
 b - an amulet of the acrobat (around neck)
 d - a +6 ring of strength (left hand)
Scrolls
 h - a scroll of identify
Potions
 e - a potion of haste
 j - a potion of heal wounds {unknown}

Dungeon Overview and Level Annotations

Branches:
Dungeon (3/15)

Altars:
Hepliaklqana

Annotations:
D:3 1 runed translucent door, qw's ghost, weakling DsCA


Message History

2422 ||| INVOKING Fiery Armour.
A protective cloak of flame settles atop you.
The orc hits you but does no damage.
The orc is burned by your cloak of flames.
You kill the orc!
An orc comes into view. It is wielding a +0 club.
The orc shouts!
The orc misses you. The orc priest closely misses you.
Items here: % )) [.
You hit the orc priest but do no damage.
You hit the orc but do no damage. The orc barely misses you.
The orc priest hits you but does no damage.
The orc priest is burned by your cloak of flames.
The orc priest is moderately wounded.
You barely miss the orc priest.
The orc priest is moderately wounded.
You hit the orc. You burn the orc. The orc barely misses you.
The orc priest barely misses you.
You hit the orc. You burn the orc.
You kill the orc!
You hit the orc priest. You burn the orc priest. You barely miss the orc.
The orc hits you with a +0 club.
The orc is burned by your cloak of flames.
The orc is heavily wounded.
The orc priest hits you but does no damage.
The orc priest is burned by your cloak of flames.
The orc priest is almost dead.
You closely miss the orc priest.
The orc priest is almost dead.
You hit the orc. You burn the orc. The orc hits you with a +0 club.
The orc is burned by your cloak of flames.
You kill the orc!
The orc priest miscasts a cantrip.
You closely miss the orc priest.
The orc priest is almost dead.
The orc priest calls down the wrath of Beogh upon you.
Pain shoots through your body!
You die...

.##...##...#.....#######
..##.##........#..########...
...#+#....###.###...........#
..........###.#######.###....
##.........##..###....# #
########...##.#...####
#.#......### #.###..)#####
#......)@...#
########.....o###.#
#....>....##..# #
#.........##..#
#.........##..#
#.........##..#
#..?......##.(.
#.....<...##.# ###########


You could see an orc priest.

Vanquished Creatures
  A worm (D:2)
  A dart slug (D:2)
  4 orcs (D:3)
  4 ball pythons (D:1)
  An endoplasm (D:1)
  3 giant cockroaches
  7 hobgoblins
  2 jackals (D:2)
  2 quokkas
  2 bats (D:2)
  4 frilled lizards
  2 goblins
  4 kobolds
  2 rats
39 creatures vanquished.

Notes
Turn   | Place    | Note
-------+----------+-------------------------------------------
     0 | D:1      | qw the Demonspawn Cinder Acolyte began the quest for the
                  | Orb.
     0 | D:1      | Reached XP level 1. HP: 18/18 MP: 2/2
     0 | D:1      | 0 ||| qw: Version: 0.1-a-113-g051387a
     0 | D:1      | 0 ||| qw: Game counter: 6929
     0 | D:1      | 0 ||| qw: Always use a shield: true
     0 | D:1      | 0 ||| qw: God list: Okawaru
     0 | D:1      | 0 ||| qw: Allow faded altars: false
     0 | D:1      | 0 ||| qw: Do Orc after D:15 true
     0 | D:1      | 0 ||| qw: Do second Lair branch before Depths: true
     0 | D:1      | 0 ||| qw: Lair rune preference: random
     0 | D:1      | 0 ||| qw: Plans: Normal
     0 | D:1      | 0 ||| PLANNING D:1-11
   215 | D:1      | Found a faded altar of an unknown god.
   305 | D:1      | Reached skill level 3 in Axes
   578 | D:1      | Gained mutation: You regenerate magic rapidly. [demonic
                  | ancestry]
   578 | D:1      | Reached XP level 2. HP: 24/24 MP: 3/3
   608 | D:1      | 608 ||| Stepping ~*~*~tactically~*~*~ (stealth).
   738 | D:1      | Reached skill level 1 in Throwing
   875 | D:1      | 875 ||| INVOKING Fiery Armour.
  1205 | D:1      | 1205 ||| UPGRADING to +0 plate armour.
  1215 | D:1      | 1215 ||| DROPPING +0 robe.
  1216 | D:1      | 1216 ||| DROPPING amulet of magic regeneration.
  1217 | D:1      | 1217 ||| READING scroll labelled QYFAUZI ZOAQI.
  1218 | D:1      | 1218 ||| READING 2 scrolls labelled TYCHEUHENK.
  1219 | D:1      | 1219 ||| READING scroll labelled YSSUXZOMAP.
  1220 | D:1      | 1220 ||| READING scroll labelled YHURASS KEDOIM.
  1221 | D:1      | 1221 ||| DRINKING 2 dark potions.
  1222 | D:1      | 1222 ||| DROPPING potion of attraction.
  1498 | D:2      | Reached skill level 1 in Armour
  1527 | D:2      | Reached XP level 3. HP: 29/29 MP: 4/4
  1685 | D:2      | 1685 ||| Stepping ~*~*~tactically~*~*~ (stealth).
  1689 | D:2      | 1689 ||| Stepping ~*~*~tactically~*~*~ (stealth).
  1906 | D:2      | Found a hazy altar of Hepliaklqana.
  2043 | D:2      | 2043 ||| DROPPING scarf of shadows.
  2044 | D:2      | 2044 ||| UPGRADING to +0 helmet.
  2049 | D:2      | 2049 ||| UPGRADING to amulet of the acrobat.
  2054 | D:2      | 2054 ||| UPGRADING to +6 ring of strength.
  2055 | D:2      | 2055 ||| READING scroll labelled VOFFICLIGUAG.
  2056 | D:2      | 2056 ||| READING scroll labelled WEGIVI ZANAFES.
  2057 | D:2      | 2057 ||| READING 2 scrolls of identify.
  2057 | D:2      | 2057 ||| IDENTIFYING viscous sapphire potion
  2058 | D:2      | 2058 ||| Stepping randomly (stuck).
  2059 | D:2      | 2059 ||| Stepping ~*~*~tactically~*~*~ (cloud).
  2064 | D:2      | HP: 7/29 [poisoned by you (poison gas)]
  2369 | D:3      | Noticed qw's ghost (weakling DsCA)
  2370 | D:3      | Found a runed translucent door.
  2379 | D:3      | 2379 ||| Stepping randomly (stuck).
  2381 | D:3      | 2381 ||| Stepping randomly (stuck).
  2382 | D:3      | 2382 ||| Stepping randomly (stuck).
  2383 | D:3      | 2383 ||| Stepping randomly (stuck).
  2385 | D:3      | 2385 ||| Stepping randomly (stuck).
  2411 | D:3      | 2411 ||| Stepping ~*~*~tactically~*~*~ (stealth).
  2412 | D:3      | 2412 ||| Stepping ~*~*~tactically~*~*~ (stealth).
  2416 | D:3      | 2416 ||| Stepping ~*~*~tactically~*~*~ (hiding).
  2422 | D:3      | 2422 ||| INVOKING Fiery Armour.
  2426 | D:3      | HP: 4/29 [orc/+0 club (4)]
  2428 | D:3      | Killed from afar by an orc priest

Levels and vault maps discovered:
D:1:      dreamdust_arrival_sigmund_warning, layout_basic,
          basic_ecumenical_altar
D:2:      layout_basic, basic_altar
D:3:      layout_rooms, nicolae_dithmenos_the_darkroom,
          hellmonk_ghost_happy_afterlife, minmay_shallow_snake_nest

Skill      XL: |  1  2 |
---------------+-------+-----
Axes           | 3 |  3.7
Throwing       | 1 |  1.0
Armour         | 1 |  1.0
Fighting       | |  3.0
Spellcasting   | |  1.0
Fire Magic     | |  2.6

Action                   || total
-------------------------++-------
Melee: Hand axe          ||   105
Throw: Javelin           ||    36
Invok: Fiery Armour      ||     2
  Use: Scroll            ||     7
       Potion            ||     1
Armor: Robe              ||     4
       Plate armour      ||    46
Dodge: Dodged            ||    42

Table legend:
 A = Non-vault XP
 B = Vault XP
 C = Vault XP percentage of total XP
 D = Non-vault monster count
 E = Vault monster count
 F = Vault count percentage of total count
                 A         B        C        D         E       F
            +---------+---------+-------+---------+---------+-------
      Total |      74 |       0 |   0.0 |      39 |       0 |   0.0
            +---------+---------+-------+---------+---------+-------
        D:1 |      26 |       0 |   0.0 |      16 |       0 |   0.0
        D:2 |      36 |       0 |   0.0 |      19 |       0 |   0.0
        D:3 |      12 |       0 |   0.0 |       4 |       0 |   0.0
            +---------+---------+-------+---------+---------+-------
